| TOP OF THE 1ST |
|
Missoula Osprey batting - Pitching for San Francisco (APP) Giants : LHP Jordan Ruiz
|
|
Pitching: LHP Jordan Ruiz
|
|
|
Batting: RHB Edwin Romero
|
0-0: Ball 1-0: Ball 2-0: Ball 3-0: Called Strike 3-1: Called Strike 3-2: Foul Ball, location: 2F 3-2: Fly out, F8 (Line Drive, 8LS, EV 87.5 MPH)
|
|
Batting: LHB Danny Salas
|
0-0: Swinging Strike 0-1: Swinging Strike 0-2: Ball 1-2: Ball 2-2: Strikes out looking
|
|
Batting: RHB Antonio Luisa
|
0-0: Ground out 4-3 (Groundball, 4, EV 91.9 MPH)
|
| Top of the 1st over - 0 runs, 0 hits, 0 errors, 0 left on base; Missoula 0 - San Francisco (APP) 0 |
| BOTTOM OF THE 1ST |
|
San Francisco (APP) Giants batting - Pitching for Missoula Osprey : RHP Jordan Rondon
|
|
Pitching: RHP Jordan Rondon
|
|
|
Batting: RHB Coen Dirks
|
0-0: Foul Ball, location: 2F 0-1: Ball 1-1: Swinging Strike 1-2: Strikes out swinging
|
|
Batting: LHB Steve Nevis
|
0-0: Ball 1-0: Called Strike 1-1: Called Strike 1-2: Ball 2-2: Ball 3-2: Base on Balls
|
|
Batting: RHB Brian Rogers
|
0-0: Ball 1-0: SINGLE (Flyball, 9S, EV 91.2 MPH) Steve Nevis to second Runner from 2nd tries for 3rd, SAFE, throw by RF made to third
|
|
Batting: LHB Mason Duffy
|
0-0: Fielders Choice at 2nd, 4-6 (Groundball, 34, EV 90.0 MPH) Steve Nevis scores
|
|
Batting: RHB Billy Pranger
|
0-0: Called Strike 0-1: Ball 1-1: Ball 2-1: Swinging Strike 2-2: Strikes out swinging
|
| Bottom of the 1st over - 1 run, 1 hit, 0 errors, 1 left on base; Missoula 0 - San Francisco (APP) 1 |
| TOP OF THE 2ND |
|
Missoula Osprey batting - Pitching for San Francisco (APP) Giants : LHP Jordan Ruiz
|
|
Batting: LHB Nelson Pelico
|
0-0: Called Strike 0-1: Ball 1-1: Ball 2-1: Called Strike 2-2: Strikes out swinging
|
|
Batting: RHB Francisco Gutierrez
|
0-0: Swinging Strike 0-1: Ball 1-1: Called Strike 1-2: Ball 2-2: Ball 3-2: Foul Ball, location: 2F 3-2: Foul Ball, location: 2F 3-2: Strikes out swinging
|
|
Batting: RHB Cesar Rendon
|
0-0: Ground out 5-3 (Groundball, 56S, EV 81.2 MPH)
|
| Top of the 2nd over - 0 runs, 0 hits, 0 errors, 0 left on base; Missoula 0 - San Francisco (APP) 1 |
| BOTTOM OF THE 2ND |
|
San Francisco (APP) Giants batting - Pitching for Missoula Osprey : RHP Jordan Rondon
|
|
Batting: RHB Ryan Roberts
|
0-0: Ball 1-0: Fly out, F8 (Flyball, 8LS, EV 93.1 MPH)
|
|
Batting: RHB Zach Maguire
|
0-0: Ball 1-0: Ball 2-0: Foul Ball, location: 2F 2-1: Foul Ball, location: 2F 2-2: Ball 3-2: Strikes out swinging
|
|
Batting: RHB Teruhide Horiuchi
|
0-0: Ball 1-0: Ball 2-0: Ball 3-0: Swinging Strike 3-1: Base on Balls
|
|
Batting: RHB Chris Kulik
|
0-0: DOUBLE (Groundball, 5L, EV 109.4 MPH) Teruhide Horiuchi to third Runner from 3rd tries for Home, throw by LF and OUT! 7-6-2
|
| Bottom of the 2nd over - 0 runs, 1 hit, 0 errors, 1 left on base; Missoula 0 - San Francisco (APP) 1 |
| TOP OF THE 3RD |
|
Missoula Osprey batting - Pitching for San Francisco (APP) Giants : LHP Jordan Ruiz
|
|
Batting: RHB Zach Espinosa
|
0-0: Swinging Strike 0-1: Called Strike 0-2: Strikes out looking
|
|
Batting: RHB Hector Tabares
|
0-0: Called Strike 0-1: Ball 1-1: Ball 2-1: Called Strike 2-2: Ground out 4-3 (Groundball, 4, EV 82.5 MPH)
|
|
Batting: RHB Isaiah Hampton
|
0-0: Ball 1-0: DOUBLE (Line Drive, 9LM, EV 108.1 MPH)
|
|
Batting: RHB Edwin Romero
|
0-0: SINGLE (Groundball, 56D, EV 96.9 MPH) Isaiah Hampton to third
|
|
Batting: LHB Danny Salas
|
0-0: Called Strike 0-1: Ball 1-1: Ball 2-1: Called Strike 2-2: Strikes out swinging
|
| Top of the 3rd over - 0 runs, 2 hits, 0 errors, 2 left on base; Missoula 0 - San Francisco (APP) 1 |
| BOTTOM OF THE 3RD |
|
San Francisco (APP) Giants batting - Pitching for Missoula Osprey : RHP Jordan Rondon
|
|
Batting: RHB Coen Dirks
|
0-0: Ball 1-0: Ball 2-0: Called Strike 2-1: Called Strike 2-2: Foul Ball, location: 2F 2-2: Foul Ball, location: 2F 2-2: DOUBLE (Groundball, 5L, EV 109.4 MPH)
|
|
Batting: LHB Steve Nevis
|
0-0: Called Strike 0-1: Foul Ball, location: 2F 0-2: Strikes out swinging
|
|
Batting: RHB Brian Rogers
|
0-0: Called Strike 0-1: Ball 1-1: Ball 2-1: Fly out, F7 (Line Drive, 7S, EV 93.1 MPH)
|
|
Batting: LHB Mason Duffy
|
0-0: Foul Ball, location: 2F 0-1: Ball 1-1: Ball 2-1: Ball 3-1: Base on Balls
|
|
Batting: RHB Billy Pranger
|
0-0: Called Strike 0-1: Fly out, F8 (Flyball, 8LM, EV 92.5 MPH)
|
| Bottom of the 3rd over - 0 runs, 1 hit, 0 errors, 2 left on base; Missoula 0 - San Francisco (APP) 1 |
| TOP OF THE 4TH |
|
Missoula Osprey batting - Pitching for San Francisco (APP) Giants : LHP Jordan Ruiz
|
|
Batting: RHB Antonio Luisa
|
0-0: Swinging Strike 0-1: Ball 1-1: Foul Ball, location: 2F 1-2: Foul Ball, location: 2F 1-2: Strikes out swinging
|
|
Batting: LHB Nelson Pelico
|
0-0: Ball 1-0: Called Strike 1-1: Ball 2-1: Called Strike 2-2: Ball 3-2: Base on Balls
|
|
Batting: RHB Francisco Gutierrez
|
0-0: Swinging Strike 0-1: Ball 1-1: Ball 2-1: TRIPLE (Flyball, 8RXD, EV 96.9 MPH) Nelson Pelico scores
|
|
Batting: RHB Cesar Rendon
|
0-0: Foul Ball, location: 2F 0-1: Ground out 5-3 (Groundball, 56S, EV 84.4 MPH) Francisco Gutierrez scores
|
|
Batting: RHB Zach Espinosa
|
0-0: Foul Ball, location: 2F 0-1: Called Strike 0-2: Ball 1-2: Ball 2-2: Ball 3-2: Base on Balls
|
|
Batting: RHB Hector Tabares
|
0-0: Ball 1-0: Ball 2-0: Ball 3-0: Base on Balls Zach Espinosa to second
|
|
Batting: RHB Isaiah Hampton
|
0-0: Called Strike 0-1: DOUBLE (Flyball, 8LD, EV 105.0 MPH) Zach Espinosa scores Hector Tabares to third Runner from 3rd tries for Home, SAFE, no throw by CF
|
|
Batting: RHB Edwin Romero
|
0-0: Called Strike 0-1: Ground out 6-3 (Groundball, 56, EV 90.6 MPH)
|
| Top of the 4th over - 4 runs, 2 hits, 0 errors, 1 left on base; Missoula 4 - San Francisco (APP) 1 |
| BOTTOM OF THE 4TH |
|
San Francisco (APP) Giants batting - Pitching for Missoula Osprey : RHP Jordan Rondon
|
|
Batting: RHB Ryan Roberts
|
0-0: Ball 1-0: Called Strike 1-1: Foul Ball, location: 2F 1-2: SINGLE (Flyball, 8LS, EV 100.0 MPH)
|
|
Batting: RHB Zach Maguire
|
0-0: Called Strike 0-1: Ball 1-1: Fly out, F8 (Flyball, 89D, EV 72.5 MPH)
|
|
Batting: RHB Teruhide Horiuchi
|
0-0: Called Strike 0-1: Called Strike 0-2: Grounds into double play, 5-4-3 (Groundball, 5, EV 83.1 MPH)
|
| Bottom of the 4th over - 0 runs, 1 hit, 0 errors, 0 left on base; Missoula 4 - San Francisco (APP) 1 |
| TOP OF THE 5TH |
|
Missoula Osprey batting - Pitching for San Francisco (APP) Giants : LHP Jordan Ruiz
|
|
Batting: LHB Danny Salas
|
0-0: Ball 1-0: Swinging Strike 1-1: Foul Ball, location: 2F 1-2: Ground out 6-3 (Groundball, 56, EV 106.9 MPH)
|
|
Batting: RHB Antonio Luisa
|
0-0: Called Strike 0-1: Reached on error, E5 (Groundball, 56, EV 100.6 MPH)
|
|
Pitching: RHP Jonathan Fritzinger
|
|
|
Batting: LHB Nelson Pelico
|
0-0: Fielders Choice at 2nd, 3-6 (Groundball, 34, EV 84.4 MPH)
|
|
Batting: RHB Francisco Gutierrez
|
0-0: Foul Ball, location: 2F 0-1: Ball 1-1: Foul Ball, location: 2F 1-2: SINGLE (Groundball, 34S, EV 88.8 MPH) (infield hit) Nelson Pelico to second
|
|
Batting: RHB Cesar Rendon
|
0-0: Ball 1-0: Foul Ball, location: 2F 1-1: Called Strike 1-2: Foul Ball, location: 2F 1-2: Ball 2-2: Strikes out swinging
|
| Top of the 5th over - 0 runs, 1 hit, 1 error, 2 left on base; Missoula 4 - San Francisco (APP) 1 |
| BOTTOM OF THE 5TH |
|
San Francisco (APP) Giants batting - Pitching for Missoula Osprey : RHP Jordan Rondon
|
|
Batting: RHB Chris Kulik
|
0-0: Called Strike 0-1: Swinging Strike 0-2: Ball 1-2: Strikes out swinging
|
|
Batting: RHB Coen Dirks
|
0-0: Ball 1-0: Fly out, F8 (Line Drive, 8RM, EV 97.5 MPH)
|
|
Batting: LHB Steve Nevis
|
0-0: Ball 1-0: Foul Ball, location: 2F 1-1: Swinging Strike 1-2: DOUBLE (Line Drive, 78D, EV 104.4 MPH)
|
|
Batting: RHB Brian Rogers
|
0-0: Ball 1-0: Foul Ball, location: 2F 1-1: Called Strike 1-2: Foul Ball, location: 2F 1-2: Ball 2-2: Foul Ball, location: 2F 2-2: Ball 3-2: Foul Ball, location: 2F 3-2: Strikes out swinging
|
| Bottom of the 5th over - 0 runs, 1 hit, 0 errors, 1 left on base; Missoula 4 - San Francisco (APP) 1 |
| TOP OF THE 6TH |
|
Missoula Osprey batting - Pitching for San Francisco (APP) Giants : RHP Jonathan Fritzinger
|
|
Batting: RHB Zach Espinosa
|
0-0: Called Strike 0-1: Ball 1-1: Ball 2-1: Foul Ball, location: 2F 2-2: Ball 3-2: Foul Ball, location: 2F 3-2: Base on Balls
|
|
Batting: RHB Hector Tabares
|
0-0: Ball 1-0: Called Strike 1-1: Fly out, F8 (Flyball, 78M, EV 76.9 MPH)
|
|
Batting: RHB Isaiah Hampton
|
0-0: Called Strike 0-1: Called Strike 0-2: Foul Ball, location: 2F 0-2: Ball 1-2: Ball 2-2: Strikes out looking
|
|
Pitching: LHP Ricky Coats
|
|
|
Batting: RHB Edwin Romero
|
0-0: Fly out, F8 (Flyball, 8LS, EV 87.5 MPH)
|
| Top of the 6th over - 0 runs, 0 hits, 0 errors, 1 left on base; Missoula 4 - San Francisco (APP) 1 |
| BOTTOM OF THE 6TH |
|
San Francisco (APP) Giants batting - Pitching for Missoula Osprey : RHP Jordan Rondon
|
|
Batting: LHB Mason Duffy
|
0-0: Swinging Strike 0-1: Ball 1-1: SINGLE (Groundball, 3D, EV 105.0 MPH)
|
|
Batting: RHB Billy Pranger
|
0-0: Called Strike 0-1: Ball 1-1: Ball 2-1: Foul Ball, location: 2F 2-2: Foul Ball, location: 2F 2-2: Foul Ball, location: 2F 2-2: Strikes out looking
|
|
Batting: RHB Ryan Roberts
|
0-0: Ball 1-0: Ball 2-0: Called Strike 2-1: Grounds into double play, 6-4-3 (Groundball, 6, EV 84.4 MPH)
|
| Bottom of the 6th over - 0 runs, 1 hit, 0 errors, 0 left on base; Missoula 4 - San Francisco (APP) 1 |
| TOP OF THE 7TH |
|
Missoula Osprey batting - Pitching for San Francisco (APP) Giants : LHP Ricky Coats
|
|
Batting: LHB Danny Salas
|
0-0: Ball 1-0: SOLO HOME RUN (Flyball, 9D, EV 101.2 MPH), Distance : 392 ft
|
|
Batting: RHB Antonio Luisa
|
0-0: Called Strike 0-1: Called Strike 0-2: Ball 1-2: Fly out, F9 (Line Drive, 9, EV 93.1 MPH)
|
|
Batting: LHB Nelson Pelico
|
0-0: Called Strike 0-1: Ground out 3-1 (Groundball, 34, EV 90.6 MPH)
|
|
Batting: RHB Francisco Gutierrez
|
0-0: Foul Ball, location: 2F 0-1: Ball 1-1: Fly out, F8 (Line Drive, 78D, EV 96.2 MPH)
|
| Top of the 7th over - 1 run, 1 hit, 0 errors, 0 left on base; Missoula 5 - San Francisco (APP) 1 |
| BOTTOM OF THE 7TH |
|
San Francisco (APP) Giants batting - Pitching for Missoula Osprey : RHP Jordan Rondon
|
|
Pitching: LHP Liu-liang Zhu
|
|
|
Batting: RHB Zach Maguire
|
0-0: Foul Ball, location: 2F 0-1: Ground out 5-3 (Groundball, 25, EV 78.1 MPH)
|
|
Batting: RHB Teruhide Horiuchi
|
0-0: Called Strike 0-1: Reached on error, E3 (Groundball, 34S, EV 66.9 MPH)
|
|
Batting: RHB Chris Kulik
|
0-0: Called Strike 0-1: Called Strike 0-2: Strikes out swinging
|
|
Batting: RHB Coen Dirks
|
0-0: Ball 1-0: Called Strike 1-1: Ball 2-1: Ball 3-1: Called Strike 3-2: Fly out, F3 (Popup, 23F, EV 94.4 MPH)
|
| Bottom of the 7th over - 0 runs, 0 hits, 1 error, 1 left on base; Missoula 5 - San Francisco (APP) 1 |
| TOP OF THE 8TH |
|
Missoula Osprey batting - Pitching for San Francisco (APP) Giants : LHP Ricky Coats
|
|
Batting: RHB Cesar Rendon
|
0-0: Ball 1-0: Ground out 6-3 (Groundball, 6, EV 88.1 MPH)
|
|
Batting: RHB Zach Espinosa
|
0-0: Foul Ball, location: 2F 0-1: Foul Ball, location: 2F 0-2: Foul Ball, location: 2F 0-2: Ball 1-2: Ball 2-2: Fly out, F3 (Popup, 3SF, EV 79.4 MPH)
|
|
Batting: RHB Hector Tabares
|
0-0: Swinging Strike 0-1: Fly out, F8 (Line Drive, 8LM, EV 85.0 MPH)
|
| Top of the 8th over - 0 runs, 0 hits, 0 errors, 0 left on base; Missoula 5 - San Francisco (APP) 1 |
| BOTTOM OF THE 8TH |
|
San Francisco (APP) Giants batting - Pitching for Missoula Osprey : LHP Liu-liang Zhu
|
|
Batting: LHB Steve Nevis
|
0-0: Called Strike 0-1: Fly out, F7 (Line Drive, 7D, EV 99.4 MPH)
|
|
Batting: RHB Brian Rogers
|
0-0: Called Strike 0-1: Foul Ball, location: 2F 0-2: Strikes out swinging
|
|
Batting: LHB Mason Duffy
|
0-0: Ball 1-0: Swinging Strike 1-1: Ball 2-1: Foul Ball, location: 2F 2-2: Foul Ball, location: 2F 2-2: Fly out, F6 (Popup, 4MS, EV 73.1 MPH)
|
| Bottom of the 8th over - 0 runs, 0 hits, 0 errors, 0 left on base; Missoula 5 - San Francisco (APP) 1 |
| TOP OF THE 9TH |
|
Missoula Osprey batting - Pitching for San Francisco (APP) Giants : LHP Ricky Coats
|
|
Batting: RHB Isaiah Hampton
|
0-0: Ball 1-0: Called Strike 1-1: Called Strike 1-2: Foul Ball, location: 2F 1-2: Ball 2-2: Strikes out swinging
|
|
Batting: RHB Edwin Romero
|
0-0: TRIPLE (Line Drive, 78XD, EV 98.1 MPH)
|
|
Pitching: RHP Mike Zambrano Jr.
|
|
|
Batting: LHB Danny Salas
|
0-0: Ball 1-0: Ball 2-0: Ball 3-0: Base on Balls
|
|
Batting: RHB Antonio Luisa
|
0-0: Ball 1-0: Ground out 5-3 (Groundball, 5L, EV 109.4 MPH) Edwin Romero scores Danny Salas to second
|
|
Batting: LHB Nelson Pelico
|
0-0: Ball 1-0: Swinging Strike 1-1: Ball 2-1: Ball 3-1: Foul Ball, location: 2F 3-2: SINGLE (Groundball, 34D, EV 103.1 MPH) Danny Salas to third Runner from 3rd tries for Home, SAFE, throw by RF to home
|
|
Batting: RHB Francisco Gutierrez
|
0-0: Ball 1-0: Called Strike 1-1: SINGLE (Groundball, 56D, EV 110.0 MPH) Nelson Pelico to second
|
|
Batting: RHB Cesar Rendon
|
0-0: Ball 1-0: Called Strike 1-1: Ball 2-1: Ball 3-1: Base on Balls Nelson Pelico to third Francisco Gutierrez to second
|
|
Batting: RHB Zach Espinosa
|
0-0: SINGLE (Groundball, 56D, EV 94.4 MPH) Nelson Pelico scores Francisco Gutierrez to third Cesar Rendon to second Runner from 3rd tries for Home, SAFE, throw by LF to home
|
|
Pitching: LHP Jeff Briggs
|
|
|
Batting: RHB Hector Tabares
|
0-0: Foul Ball, location: 2F 0-1: Swinging Strike 0-2: Foul Ball, location: 2F 0-2: Strikes out swinging
|
| Top of the 9th over - 4 runs, 4 hits, 0 errors, 2 left on base; Missoula 9 - San Francisco (APP) 1 |
| BOTTOM OF THE 9TH |
|
San Francisco (APP) Giants batting - Pitching for Missoula Osprey : LHP Liu-liang Zhu
|
|
Batting: RHB Billy Pranger
|
0-0: Ball 1-0: Called Strike 1-1: Ball 2-1: Ball 3-1: Fly out, F7 (Flyball, 7D, EV 96.9 MPH)
|
|
Batting: RHB Ryan Roberts
|
0-0: Ball 1-0: Foul Ball, location: 2F 1-1: Ball 2-1: Ground out 4-3 (Groundball, 4M, EV 91.9 MPH)
|
|
Batting: RHB Zach Maguire
|
0-0: Ball 1-0: Ground out 5-3 (Groundball, 56S, EV 78.1 MPH)
|
| Bottom of the 9th over - 0 runs, 0 hits, 0 errors, 0 left on base; Missoula 9 - San Francisco (APP) 1 |
|